 Dungeon Crawl Stone Soup version 0.25.1-8-g42b30a86e7 (webtiles) character file.

Game seed: 4326532547592775950

2522 Destapler the Blocker (level 9, -2/73 HPs)
             Began as a Minotaur Monk on Dec 15, 2020.
             Was a Priest of Ru.
             Slain by an orc knight
             ... wielding a +0 war axe
              (18 damage)
             ... on level 8 of the Dungeon.
             The game lasted 00:31:59 (7699 turns).

Destapler the Blocker (Minotaur Monk)               Turns: 7699, Time: 00:32:00

Health: -2/73      AC: 19    Str: 17    XL:     9   Next: 29%
Magic:  9/9        EV:  9    Int:  7    God:    Ru [***...]
Gold:   421        SH: 12    Dex: 15    Spells: 8/8 levels left

rFire    . . .     SeeInvis .   b - +3 dagger
rCold    . . .     Gourm    .   t - +0 kite shield
rNeg     . . .     Faith    .   L - +3 chain mail
rPois    .         Spirit   .   (helmet restricted)
rElec    .         Reflect  .   r - +0 cloak
rCorr    +         Harm     .   w - +0 pair of gloves
MR       .....                  (no boots)
Stlth    ..........             p - amulet of regeneration
HPRegen  0.62/turn              f - ring of resist corrosion
MPRegen  0.11/turn              y - +4 ring of protection

@: about to teleport
A: retaliatory headbutt, horns 2, inexperienced 1, missing an eye
a: Draw Out Power, Renounce Religion


You were on level 8 of the Dungeon.
You worshipped Ru.
Ru was most pleased with you.
You were hungry.

You visited 2 branches of the dungeon, and saw 9 of its levels.

You collected 421 gold pieces.

Inventory:

Hand Weapons
 a - a +2 vorpal war axe
 b - a +3 dagger (weapon)
Missiles
 u - 21 poisoned darts (quivered)
 J - 5 boomerangs
Armour
 r - a +0 cloak (worn)
 t - a +0 kite shield (worn)
 w - a +0 pair of gloves (worn)
 L - a +3 chain mail (worn)
Jewellery
 f - a ring of resist corrosion (left hand)
 p - an amulet of regeneration (around neck)
 y - a +4 ring of protection (right hand)
Wands
 C - a wand of iceblast (5)
Scrolls
 d - 4 scrolls of identify
 e - 3 scrolls of magic mapping {unknown}
 h - a scroll of torment {unknown}
 i - 4 scrolls of enchant weapon {unknown}
 m - a scroll of random uselessness {unknown}
 n - a scroll of teleportation
 o - 7 scrolls of remove curse
 q - a scroll of amnesia {unknown}
 v - 2 scrolls of immolation {unknown}
 x - 4 scrolls of enchant armour {unknown}
 G - 2 scrolls of fear {unknown}
 I - a scroll of holy word {unknown}
Potions
 g - a potion of stabbing {unknown}
 k - a potion of resistance {unknown}
 s - 3 potions of curing
 z - a potion of invisibility
 A - 4 potions of flight
 B - a potion of mutation {unknown}
 D - a potion of haste {unknown}
 E - 2 potions of lignification
 F - 2 potions of cancellation
 H - a potion of magic
Comestibles
 c - 6 rations
 K - 4 chunks of flesh


   Skills:
 + Level 4.8 Fighting
 + Level 4.5 Short Blades
 + Level 1.0(2.7) Axes
   Level 4.0(4.1) Polearms
 + Level 0.5 Throwing
 + Level 4.6 Armour
 + Level 5.5 Dodging
 + Level 3.4 Stealth
 + Level 11.3 Shields
 + Level 1.6 Evocations


You had 8 spell levels left.
You didn't know any spells.
Your spell library was empty.

Dungeon Overview and Level Annotations

Branches:
Dungeon (8/15)             Temple (1/1) D:4
   Lair: D:8-11

Altars:
Cheibriados
Dithmenos
Elyvilon
Fedhas
Gozag
Hepliaklqana
Kikubaaqudgha
Makhleb
Nemelex Xobeh
Qazlal
Ru
Trog
Vehumet
Xom
The Shining One


Innate Abilities, Weirdness & Mutations

You reflexively headbutt those who attack you in melee.
You have a pair of horns on your head.
You are somewhat inexperienced. (-2 XL)
You are missing an eye, making it more difficult to aim.


Message History

Throwing (i - inventory. (/) - cycle)
u - 22 poisoned darts (quivered)
Press: ? - help, Shift-Dir - straight line, f/p - orc knight
Aim: an orc knight, wielding a +0 war axe and wearing a +0 chain mail (moderately wounded)
You throw a poisoned dart. The poisoned dart hits the orc knight.
The orc knight is poisoned.
The orc knight is moderately wounded.
The orc knight hits you with a +0 war axe.
* * * LOW HITPOINT WARNING * * *
Okay, then.
As you read the scroll of identify, it crumbles to dust.
H - a potion of magic The orc knight barely misses you.
You furiously retaliate!
You headbutt the orc knight.
As you read the scroll of teleportation, it crumbles to dust.
You feel strangely unstable.
You are feeling hungry.
You are too injured to fight recklessly!
You feel better.
The orc knight hits you with a +0 war axe!!
You die...

..... ................
#######.........##.##...
#.###.###.)...#..# #.# #
#o##.##...
..###+###..#)##.#.
####.. +_+....#[##.#.
....# #####..#.##...
#####..# ### #..#.#####
#..<#.@#######..#.)....
###....o.((....########
#.......(..(.........
###.....###(..#######
#.......(.........
###.....###...####
####### #...# #####


You could see an orc knight (poisoned).

Vanquished Creatures
  Prince Ribbit (D:5)
  Grinder (D:6)
  A hippogriff (D:7)
  4 wargs
  Duvessa (D:5)
  2 orc warriors (D:8)
  A sky beast (D:6)
  2 ogres
  A centaur (D:5)
  A big kobold (D:7)
  4 bullfrogs
  Dowan (D:5)
  3 jellies
  A centaur zombie (D:7)
  4 crimson imps
  Crazy Yiuf (D:5)
  2 orc priests (D:8)
  6 hounds
  Jessica (D:2)
  Natasha (D:4)
  3 worker ants
  A hound skeleton (D:7)
  Robin (D:4)
  A howler monkey skeleton (D:4)
  4 gnolls (D:4)
  8 adders
  A shadow imp (D:7)
  3 worms (D:2)
  5 leopard geckos
  39 orcs
  3 ball pythons (D:2)
  6 bats
  3 giant cockroaches
  18 goblins
  10 hobgoblins
  5 jackals (D:1)
  5 quokkas
  3 frilled lizards
  A jackal skeleton (D:4)
  8 kobolds
  6 rats
173 creatures vanquished.

Vanquished Creatures (others)
  An orc (D:8)
1 creature vanquished.

Grand Total: 174 creatures vanquished

Notes
Turn   | Place    | Note
-------+----------+-------------------------------------------
     0 | D:1      | Destapler the Minotaur Monk began the quest for the Orb.
     0 | D:1      | Reached XP level 1. HP: 19/19 MP: 0/0
   309 | D:1      | Reached XP level 2. HP: 26/27 MP: 1/1
   448 | D:1      | Reached skill level 1 in Armour
   801 | D:1      | Reached XP level 3. HP: 33/33 MP: 2/2
  1303 | D:2      | Noticed Jessica
  1310 | D:2      | Killed Jessica
  1310 | D:2      | Reached XP level 4. HP: 20/40 MP: 3/3
  1991 | D:2      | Reached skill level 1 in Short Blades
  2772 | D:4      | Noticed a bullfrog
  2777 | D:4      | Killed a bullfrog
  2777 | D:4      | Reached skill level 1 in Shields
  2777 | D:4      | Reached XP level 5. HP: 45/46 MP: 4/4
  2824 | D:4      | Found a staircase to the Ecumenical Temple.
  2831 | Temple   | Entered the Ecumenical Temple
  3101 | D:4      | Noticed Robin
  3170 | D:4      | Noticed an ogre
  3187 | D:4      | Reached XP level 6. HP: 49/52 MP: 5/5
  3199 | D:4      | Killed Robin
  3230 | D:4      | Reached skill level 2 in Shields
  3384 | D:4      | Noticed Natasha
  3392 | D:4      | Killed Natasha
  3716 | D:4      | Reached skill level 5 in Dodging
  3822 | D:4      | Reached XP level 7. HP: 54/59 MP: 6/6
  3924 | D:5      | Entered Level 5 of the Dungeon
  3938 | D:5      | Reached skill level 3 in Shields
  4093 | D:5      | Found a sacrificial altar of Ru.
  4101 | D:5      | Became a worshipper of Ru the Awakened
  4103 | D:5      | Gained mutation: You are somewhat inexperienced. (-2 XL)
                  | [Ru sacrifice]
  4103 | D:5      | Reached XP level 6. HP: 52/52 MP: 5/5
  4103 | D:5      | Reached XP level 5. HP: 46/46 MP: 4/4
  4103 | D:5      | Reached * piety under Ru
  4103 | D:5      | Reached ** piety under Ru
  4183 | D:5      | Noticed a centaur
  4193 | D:5      | Killed a centaur
  4271 | D:5      | Noticed Prince Ribbit
  4388 | D:5      | Noticed Duvessa
  4388 | D:5      | Noticed Dowan
  4451 | D:5      | Killed Prince Ribbit
  4451 | D:5      | Reached skill level 5 in Shields
  4451 | D:5      | Reached XP level 6. HP: 23/52 MP: 5/5
  4669 | D:5      | Found a stormy altar of Qazlal.
  4846 | D:5      | Killed Duvessa
  4846 | D:5      | Reached skill level 6 in Shields
  4846 | D:5      | Reached XP level 7. HP: 59/59 MP: 6/6
  4850 | D:5      | Killed Dowan
  4924 | D:5      | Found a runed translucent door.
  4925 | D:5      | Noticed Crazy Yiuf
  4936 | D:5      | Killed Crazy Yiuf
  5117 | D:6      | Reached skill level 7 in Shields
  5263 | D:6      | Reached skill level 8 in Shields
  5350 | D:6      | Found a sparkling altar of Nemelex Xobeh.
  5690 | D:6      | Found a shadowy altar of Dithmenos.
  5709 | D:6      | Noticed Grinder
  5740 | D:6      | Killed Grinder
  5740 | D:6      | Reached skill level 9 in Shields
  5740 | D:6      | Reached XP level 8. HP: 35/66 MP: 7/7
  6315 | D:7      | Reached skill level 10 in Shields
  6380 | D:7      | Noticed a hippogriff
  6386 | D:7      | Killed a hippogriff
  6541 | D:7      | Gained mutation: You are missing an eye, making it more
                  | difficult to aim. [Ru sacrifice]
  6541 | D:7      | Reached *** piety under Ru
  6641 | D:7      | Reached skill level 11 in Shields
  7008 | D:8      | Found a white marble altar of Elyvilon.
  7066 | D:8      | HP: 2/66 [warg (12)]
  7081 | D:7      | Reached XP level 9. HP: 30/71 MP: 8/8
  7160 | D:8      | Reached skill level 1 in Evocations
  7566 | D:8      | Noticed an orc knight
  7612 | D:8      | Reached skill level 1 in Axes
  7699 | D:8      | Slain by an orc knight

Illustrated notes

Levels and vault maps discovered:
D:1:      dpeg_arrival_arbitrary_b, layout_loops_ring
D:2:      layout_loops_corners, first_ration, minmay_misc_feat_encased,
          minmay_pentomino_o4, uniq_jessica
D:3:      minmay_general_purpose_star, layout_loops_ring
D:4:      minmay_chambers_of_threes, layout_gridville,
          minmay_temple_entry_drinking_statues, uniq_robin, uniq_natasha
D:5:      layout_basic, nicolae_qazlal_eye_of_the_storm,
          nicolae_ru_path_of_blood, uniq_prince_ribbit1,
          uniq_crazy_yiuf_cottage, uniq_duvessa
D:6:      layout_basic, kennysheep_little_box, nicolae_dithmenos_shadow_blocks,
          uniq_grinder
D:7:      layout_gridville, minmay_misc_feat_plants
D:8:      lemuel_castle_with_subvaults [lemuel_castle_interior_carwin_1],
          layout_basic, cheibrodos_ashenzari_chains, lemuel_doored_altar,
          okawaru_trees_2, nicolae_overflow_hidden_temple,
          overflow_temple_1_default, uniq_maurice
Temple:   eino_wide_crystal_templ

Skill      XL: |  1  2  3  4  5  6  7  8  9 |
---------------+----------------------------+-----
Armour         | 1 2 3 4 |  4.6
Fighting       | 4 |  4.8
Polearms       | 4 |  4.0
Stealth        | 2 3 |  3.4
Short Blades   | 1 4 3 |  4.5
Dodging        | 4 5 |  5.5
Shields        | 1 5 6 9 11 | 11.3
Evocations     | 1 |  1.6
Axes           | 1 |  1.0
Throwing       | |  0.5

Action                   |  1- 3 |  4- 6 |  7- 9 || total
-------------------------+-------+-------+-------++-------
Melee: Spear             |    82 |       |       ||    82
       Headbutt          |    14 |    38 |    82 ||   134
       Dagger            |    10 |   244 |   444 ||   698
Throw: Dart              |       |    19 |    21 ||    40
Invok: Sacrifice Experie |       |     1 |       ||     1
       Sacrifice an Eye  |       |       |     1 ||     1
  Use: Scroll            |       |     7 |     4 ||    11
       Potion            |       |     2 |     3 ||     5
 Stab: Sleeping          |     4 |     6 |     7 ||    17
       Invisible         |       |       |     1 ||     1
  Eat: Chunk             |     1 |     9 |     5 ||    15
       Ration            |       |     1 |     1 ||     2
Armor: Robe              |     2 |       |       ||     2
       Leather armour    |     3 |    50 |    52 ||   105
       Chain mail        |       |       |    14 ||    14
Dodge: Dodged            |    31 |   133 |   113 ||   277
Block: Kite shield       |       |    80 |   179 ||   259
